 Seeded DCSS version 0.27.1-33-g824d729ab1 (webtiles) character file.

Game seed: 12500786641603523225 (custom seed)

100021 croobank the Nimble (level 16, -18/121 (129) HPs)
             Began as a Gnoll Monk on Dec 4, 2021.
             Was a High Priest of Sif Muna.
             Demolished by a phantasmal warrior (29 damage)
             ... led by a death knight
             ... on level 13 of the Dungeon.
             The game lasted 05:14:48 (34834 turns).

croobank the Nimble (Gnoll Monk)                   Turns: 34834, Time: 05:14:50

HP:   -18/121 (129) AC: 20    Str: 21    XL:     16   Next: 26%
MP:   18/30         EV: 17    Int: 18    God:    Sif Muna [*****.]
Gold: 185           SH:  7    Dex: 15    Spells: 7/36 levels left

rFire    + . .     SeeInvis .   a - +9 demon whip (flame)
rCold    + . .     Faith    .   j - +0 buckler
rNeg     . . .     Spirit   .   k - +5 ring mail {rF+}
rPois    +         Reflect  .   c - +0 helmet of the Raven {+Inv}
rElec    .         Harm     .   s - +0 cloak
rCorr    .         Rampage  .   X - +0 pair of gloves {Str+3}
Will     +....                  V - +2 pair of boots
Stlth    ++++......             W - amulet of Lucsuugg {Acrobat rPois rC+ Int-5}
HPRegen  0.30/turn              B - ring of fire
MPRegen  0.22/turn              I - ring of the Sybil {Ice Str+5 Int+9}

@: in a vortex, marked, flying (expiring), slowed, drained, very slow
A: fangs 1, strong nose, distributed training
a: Renounce Religion, Evoke Invisibility, Channel Magic, Forget Spell, Divine
Exegesis


You were on level 13 of the Dungeon.
You worshipped Sif Muna.
Sif Muna was extremely pleased with you.
You visited 4 branches of the dungeon, and saw 22 of its levels.
You also visited: Sewer and Ice Cave.

You collected 2098 gold pieces.
You spent 1913 gold pieces at shops.

Inventory:

Hand Weapons
 a - a +9 demon whip of flaming (weapon)
 b - a +2 fustibalus of freezing
 p - the +9 spear of Boygyxeb {vorpal, rElec Str+5 Int+2}
   (You took it off a spriggan on level 6 of the Lair of Beasts)

   It inflicts extra damage upon your enemies.
   Str:       It affects your strength (+5).
   Int:       It affects your intelligence (+2).
   rElec:     It insulates you from electricity.
 w - a +4 dagger
 x - the +1 long sword of Causality {vorpal, rC+ Will+ Dex+3}
   (You found it on level 10 of the Dungeon)

   It inflicts extra damage upon your enemies.
   Dex:       It affects your dexterity (+3).
   rC:        It protects you from cold.
   Will:      It increases your willpower.
 z - the +7 scimitar "Killer Bee's Regret" {vorpal, rPois Str+4}
   (You found it on level 6 of the Lair of Beasts)

   It inflicts extra damage upon your enemies.
   Str:       It affects your strength (+4).
   rPois:     It protects you from poison.
 F - a +2 antimagic short sword
 L - a +4 hand axe of pain
Missiles
 d - 571 stones
 i - 142 sling bullets
 o - 81 poisoned darts (quivered)
Armour
 c - the +0 helmet of the Raven (worn) {+Inv}
   (You found it on level 6 of the Lair of Beasts)

   +Inv:      It lets you turn invisible.
 j - a +0 buckler (worn)
 k - a +5 ring mail of fire resistance (worn)
 s - a +0 cloak (worn)
 V - a +2 pair of boots (worn)
 X - a +0 pair of gloves of strength (worn)
Jewellery
 h - an amulet of guardian spirit
 n - a ring of magical power
 r - a ring of wizardry
 u - a +6 ring of strength
 y - a ring of wizardry
 A - a ring of positive energy
 B - a ring of fire (left hand)
 H - a ring of protection from cold
 I - the ring of the Sybil (right hand) {Ice Str+5 Int+9}
   (You bought it in a shop on level 2 of the Orcish Mines)

   [ring of ice]

   It enhances your ice magic.
   Str:       It affects your strength (+5).
   Int:       It affects your intelligence (+9).
   rF:        It makes you vulnerable to fire.
   rC:        It protects you from cold.
 O - the ring of Jipnipt {+Blink rPois rN+ Str+2}
   (You bought it in a shop on level 8 of the Dungeon)

   [ring of poison resistance]

   Str:       It affects your strength (+2).
   rPois:     It protects you from poison.
   rN:        It protects you from negative energy.
   +Blink:    It lets you blink.
 R - a ring of see invisible
 T - a +4 ring of protection
 U - an amulet of magic regeneration
 W - the amulet of Lucsuugg (around neck) {Acrobat rPois rC+ Int-5}
   (You found it on level 6 of the Lair of Beasts)

   [amulet of the acrobat]

   It increases your evasion while moving and waiting.
   Int:       It affects your intelligence (-5).
   rC:        It protects you from cold.
   rPois:     It protects you from poison.
 Y - an amulet of reflection
 Z - a +6 ring of dexterity
Wands
 e - a wand of paralysis (4)
 E - a wand of iceblast (13)
 G - a wand of digging (9)
 J - a wand of flame (24)
 N - a wand of polymorph (5)
 P - a wand of charming (8)
Scrolls
 f - 6 scrolls of teleportation {teleportation}
 Q - 2 scrolls of magic mapping
 S - 5 scrolls of identify
Potions
 g - 4 potions of curing
 m - a potion of magic
 q - 4 potions of heal wounds
 t - 2 potions of ambrosia
 v - 4 potions of brilliance
 C - a potion of invisibility
 D - a potion of resistance
 K - 3 potions of cancellation
Miscellaneous
 l - a box of beasts
 M - a condenser vane


   Skills:
 + Level 12.4 Fighting
 + Level 10.8 Short Blades
 + Level 10.8 Long Blades
 + Level 12.4 Axes
 + Level 10.8 Maces & Flails
 + Level 10.8 Polearms
 + Level 10.8 Staves
 + Level 10.8 Slings
 + Level 10.8 Bows
 + Level 10.8 Crossbows
 + Level 10.8 Throwing
 + Level 10.8 Armour
 + Level 12.4 Dodging
 + Level 11.5 Stealth
 + Level 10.8 Shields
 + Level 10.8 Unarmed Combat
 + Level 10.8 Spellcasting
 + Level 9.2 Conjurations
 + Level 9.2 Hexes
 + Level 9.2 Summonings
 + Level 9.2 Necromancy
 + Level 9.2 Translocations
 + Level 9.2 Transmutations
 + Level 9.2 Fire Magic
 + Level 9.2 Ice Magic
 + Level 9.2 Air Magic
 + Level 9.2 Earth Magic
 + Level 9.2 Poison Magic
 + Level 11.7 Invocations
 + Level 10.8 Evocations


You had 7 spell levels left.
You knew the following spells:

 Your Spells              Type           Power      Damage    Failure   Level
a - Poisonous Vapours     Pois/Air       84%        N/A       1%          2
b - Blink                 Tloc           N/A        N/A       1%          2
c - Teleport Other        Tloc           42%        N/A       1%          3
d - Cause Fear            Hex            21%        N/A       2%          4
e - Storm Form            Tmut/Air       21%        N/A       90%         7
f - Statue Form           Tmut/Erth      28%        N/A       36%         6
g - Freezing Cloud        Conj/Ice/Air   29%        6-21      7%          5

Your spell library contained the following spells:

 Spells                   Type           Power      Damage    Failure   Level
 Magic Dart               Conj           100%       1d8       1%          1
 Pain                     Necr           100%       1d9       1%          1
 Sting                    Tmut/Pois      100%       1d8       1%          1
 Corpse Rot               Necr/Air       N/A        N/A       1%          2
 Passwall                 Tmut/Erth      35%        N/A       1%          2
 Conjure Flame            Conj/Fire      59%        6-21      1%          3
 Dazzling Flash           Conj/Hex       84%        N/A       1%          3
 Gell's Gravitas          Tloc           21%        N/A       1%          3
 Inner Flame              Hex/Fire       59%        N/A       1%          3
 Lesser Beckoning         Tloc           21%        N/A       1%          3
 Portal Projectile        Hex/Tloc       84%        N/A       1%          3
 Stone Arrow              Conj/Erth      84%        3d12      1%          3
 Swiftness                Air            42%        N/A       1%          3
 Tukima's Dance           Hex            42%        N/A       1%          3
 Airstrike                Air            21%        N/A       2%          4
 Fulminant Prism          Conj/Hex       21%        3d13      2%          4
 Hailstorm                Conj/Ice       59%        3d13      2%          4
 Iskenderun's Mystic Bla  Conj/Tloc      42%        2d10      2%          4
 Leda's Liquefaction      Hex/Erth       21%        N/A       2%          4
 Olgreb's Toxic Radiance  Pois           42%        N/A       2%          4
 Passage of Golubria      Tloc           N/A        N/A       2%          4
 Petrify                  Tmut/Erth      42%        N/A       2%          4
 Agony                    Necr           42%        N/A       7%          5
 Bolt of Magma            Conj/Fire/Erth 29%        4d13      7%          5
 Excruciating Wounds      Necr           21%        N/A       7%          5
 Lee's Rapid Deconstruct  Erth           21%        3d13*     7%          5
 Lightning Bolt           Conj/Air       21%        1d36      7%          5
 Manifold Assault         Tloc           42%        N/A       7%          5
 Metabolic Englaciation   Hex/Ice        29%        N/A       7%          5
 Silence                  Hex/Air        21%        N/A       7%          5
 Yara's Violent Unravell  Hex/Tmut       21%        3d10      7%          5
 Invisibility             Hex            21%        N/A       36%         6
 Iron Shot                Conj/Erth      21%        9d5       36%         6
 Discord                  Hex            21%        N/A       100%        8
 Chain Lightning          Conj/Air       21%        3d28      100%        9
 Polar Vortex             Ice            29%        N/A       100%        9


Dungeon Overview and Level Annotations

Branches:
Dungeon (13/15)            Temple (0/1) D:5            Lair (6/6) D:8
  Swamp (1/4) Lair:3       Spider (0/4) Lair:4        Slime (0/5) Lair:5
    Orc (2/2) D:11            Elf (0/3) Orc:2         Sewer (visited)
  IceCv (visited)
 Vaults: D:13-14

Altars:
Sif Muna
Vehumet
Wu Jian
The Shining One
Beogh
Jiyva

Shops:
D:5 (   D:7 *   D:8 =   Orc:2 ([=*


Innate Abilities, Weirdness & Mutations

You have very sharp teeth.
Your uncanny sense of smell can sniff out nearby items.
Your experience applies equally to all skills.


Message History

2 vampire mosquitoes come into view.
The phantasmal warrior blinks!
The death knight closely misses you. You block the freezing wraith's attack.
The freezing wraith hits you.
* * * LOW HITPOINT WARNING * * *
The freezing wraith drains your vigour!
You feel yourself slow down.
Okay, then.
Okay, then.
Okay, then.
A great freezing vortex appears and lifts you up.
The death knight reflects your damage back at you!
* * * LOW HITPOINT WARNING * * *
The phantasmal warrior barely misses you.
The slime creature hits you but does no damage.
The death knight misses you.
The tengu warrior unwields a +0 battleaxe.
The tengu warrior wields a +0 arbalest.
The tengu warrior shoots a bolt.
The bolt hits you!
* * * LOW HITPOINT WARNING * * *
The freezing wraith completely misses you.
The freezing wraith barely misses you.
You block the phantasmal warrior's attack.
The large slime creature misses you. The slime creature closely misses you.
The phantasmal warrior hits you but does no damage.
The death knight closely misses you.
Press: ? - help, v - describe, . - travel The floor.
There is a cloud of whirling frost here.
You feel much better.
You kill the death knight!
Sif Muna accepts your kill.
You destroy the vampire mosquito!
Sif Muna accepts your kill.
Your damage is reflected back at you!
* * * LOW HITPOINT WARNING * * *
The tengu warrior completely misses you.
The tengu warrior pecks you but does no damage.
The tengu warrior claws you but does no damage.
You block the freezing wraith's attack. The freezing wraith misses you.
The large slime creature misses you. The phantasmal warrior hits you!!
You die...

# #. #######.######
##.#####WQy§.........
......#J@J####.#####.##
...§§§§WyW§###.####...###
.###§§§Q§§§........#....
##§J§§§§###..##....##.
.##§.§§§.......##.#.###.
...J......####.......# #.
#.........####...#.#.###.
#.#.#....................
# #.##.#..#####.##.#.##..


You could see 2 large slime creatures, 2 slime creatures, 2 tengu warriors, 2
phantasmal warriors, a freezing wraith and 2 vampire mosquitoes.

Vanquished Creatures
  An orc warlord (Orc:1)
  The ghost of pkoi the Grappler, a journeyman DrMo of Okawaru (Lair:6)
  A bunyip (Lair:3)
  An ettin (Orc:1)
  9 hydras
  Fannar (Orc:1)
  A rakshasa (D:9)
  2 centaur warriors
  6 two-headed ogres
  A death knight (D:13)
  5 orc high priests
  12 death yaks
  9 skeletal warriors
  Pikel (D:6)
  2 goliath frogs
  3 orc knights (Orc:1)
  A deep elf pyromancer (D:13)
  2 ugly things
  6 orc sorcerers
  4 manticores
  2 cyclopes (D:12)
  A will-o-the-wisp (Swamp:1)
  31 elephants
  Joseph (D:7)
  4 black mambas
  6 centaur zombies
  16 cane toads
  7 rime drakes
  A kobold demonologist (D:8)
  An unseen horror (D:11)
  2 efreet (D:13)
  10 komodo dragons
  5 trolls
  3 meliai (D:13)
  4 tyrant leeches (Lair:6)
  6 polar bears
  Grinder (D:4)
  21 blink frogs
  4 hornets
  A meliai zombie (D:11)
  2 shadows
  3 spriggans
  53 yaks
  6 wraiths
  2 wyverns
  2 basilisks
  A vampire (D:13)
  A steam dragon (D:9)
  20 vampire mosquitoes
  A death yak simulacrum (Lair:3)
  3 swamp worms (Lair:2)
  11 wargs
  9 water moccasins
  An acid dragon (D:11)
  2 ice beasts
  2 hell hounds (Orc:1)
  3 black bears
  30 orc warriors
  A swamp drake (Lair:3)
  A necrophage (D:5)
  14 wolves
  8 ogres
  A boggart (Lair:6)
  A lemure (D:6)
  3 centaurs
  4 kobold brigands
  18 bullfrogs
  A gnoll sergeant (D:8)
  3 scorpions
  A water moccasin zombie (D:5)
  A wyvern skeleton (D:5)
  A water moccasin skeleton (D:5)
  A killer bee (D:7)
  5 wights (D:10)
  7 howler monkeys
  4 hounds
  6 jellies
  10 orc priests
  3 gnoll shamans
  3 centaur skeletons (D:7)
  Jessica (D:2)
  4 bullfrog skeletons
  Natasha (twice) (D:2)
  15 orc wizards
  An iguana (D:7)
  A howler monkey zombie (D:11)
  Robin (D:4)
  15 gnolls
  10 adders
  4 shadow imps
  4 white imps
  An ufetubus (D:7)
  2 worms
  66 orcs
  5 bats
  9 endoplasms
  9 giant cockroaches
  15 goblins
  8 hobgoblins
  4 quokkas
  12 ball pythons
  2 frilled lizards
  A goblin skeleton (D:6)
  2 goblin zombies (D:6)
  2 hobgoblin zombies (D:6)
  23 kobolds
  2 kobold skeletons (D:6)
  A kobold zombie (D:6)
  An orc skeleton (D:6)
  5 rats
673 creatures vanquished.

Vanquished Creatures (others)
  A centaur (D:13)
  4 bushes (Lair:6)
  8 foxfires (Swamp:1)
  75 fungi
  130 plants
218 creatures vanquished.

Grand Total: 891 creatures vanquished

Notes
Turn   | Place    | Note
-------+----------+-------------------------------------------
     0 | D:1      | croobank the Gnoll Monk began the quest for the Orb.
     0 | D:1      | Reached XP level 1. HP: 23/23 MP: 1/1
    88 | D:1      | Reached XP level 2. HP: 26/29 MP: 2/2
   817 | D:2      | Reached XP level 3. HP: 29/35 MP: 3/3
   841 | D:2      | Reached skill level 1 in Short Blades
   841 | D:2      | Reached skill level 1 in Long Blades
   841 | D:2      | Reached skill level 1 in Maces & Flails
   841 | D:2      | Reached skill level 1 in Polearms
   841 | D:2      | Reached skill level 1 in Staves
   841 | D:2      | Reached skill level 1 in Slings
   841 | D:2      | Reached skill level 1 in Bows
   841 | D:2      | Reached skill level 1 in Crossbows
   841 | D:2      | Reached skill level 1 in Throwing
   841 | D:2      | Reached skill level 1 in Armour
   841 | D:2      | Reached skill level 1 in Shields
   841 | D:2      | Reached skill level 1 in Unarmed Combat
   841 | D:2      | Reached skill level 1 in Spellcasting
   841 | D:2      | Reached skill level 1 in Invocations
   841 | D:2      | Reached skill level 1 in Evocations
   919 | D:2      | Reached XP level 4. HP: 41/41 MP: 5/5
  1222 | D:2      | Noticed Jessica
  1230 | D:2      | Killed Jessica
  1231 | D:2      | Reached skill level 1 in Conjurations
  1231 | D:2      | Reached skill level 1 in Hexes
  1231 | D:2      | Reached skill level 1 in Summonings
  1231 | D:2      | Reached skill level 1 in Necromancy
  1231 | D:2      | Reached skill level 1 in Translocations
  1231 | D:2      | Reached skill level 1 in Transmutations
  1231 | D:2      | Reached skill level 1 in Fire Magic
  1231 | D:2      | Reached skill level 1 in Ice Magic
  1231 | D:2      | Reached skill level 1 in Air Magic
  1231 | D:2      | Reached skill level 1 in Earth Magic
  1231 | D:2      | Reached skill level 1 in Poison Magic
  1396 | D:2      | Noticed Natasha
  1403 | D:2      | Killed Natasha
  1404 | D:2      | Reached XP level 5. HP: 43/47 MP: 4/7
  1845 | D:2      | Noticed Natasha
  1856 | D:2      | Killed Natasha
  1947 | D:2      | Found a faded altar of an unknown god.
  1951 | D:2      | Became a worshipper of Sif Muna the Loreminder
  1951 | D:2      | Reached * piety under Sif Muna
  1951 | D:2      | Reached ** piety under Sif Muna
  2078 | D:3      | Reached *** piety under Sif Muna
  2274 | D:3      | Reached skill level 5 in Invocations
  2274 | D:3      | Reached XP level 6. HP: 56/56 MP: 7/12
  2769 | D:4      | Noticed Robin
  2799 | D:4      | Killed Robin
  3008 | D:4      | Reached XP level 7. HP: 58/62 MP: 11/13
  3137 | D:4      | Noticed Grinder
  3140 | D:4      | Paralysed by Grinder for 7 turns
  3150 | D:4      | Paralysed by Grinder for 2 turns
  3160 | D:4      | Killed Grinder
  4030 | D:4      | Reached skill level 5 in Short Blades
  4030 | D:4      | Reached skill level 5 in Long Blades
  4030 | D:4      | Reached skill level 5 in Maces & Flails
  4030 | D:4      | Reached skill level 5 in Polearms
  4030 | D:4      | Reached skill level 5 in Staves
  4030 | D:4      | Reached skill level 5 in Slings
  4030 | D:4      | Reached skill level 5 in Bows
  4030 | D:4      | Reached skill level 5 in Crossbows
  4030 | D:4      | Reached skill level 5 in Throwing
  4030 | D:4      | Reached skill level 5 in Armour
  4030 | D:4      | Reached skill level 5 in Shields
  4030 | D:4      | Reached skill level 5 in Unarmed Combat
  4030 | D:4      | Reached skill level 5 in Spellcasting
  4030 | D:4      | Reached skill level 5 in Evocations
  4030 | D:4      | Reached XP level 8. HP: 70/70 MP: 14/16
  4034 | D:4      | Learned a level 2 spell: Poisonous Vapours
  4074 | D:5      | Entered Level 5 of the Dungeon
  4081 | D:5      | Found Ziraydd's Antique Weapon Shop.
  4088 | D:5      | Bought a glowing war axe for 149 gold pieces
  4152 | D:5      | Reached XP level 9. HP: 68/76 MP: 15/17
  4286 | D:5      | Found a staircase to the Ecumenical Temple.
  4727 | D:5      | Reached skill level 5 in Conjurations
  4727 | D:5      | Reached skill level 5 in Hexes
  4727 | D:5      | Reached skill level 5 in Summonings
  4727 | D:5      | Reached skill level 5 in Necromancy
  4727 | D:5      | Reached skill level 5 in Translocations
  4727 | D:5      | Reached skill level 5 in Transmutations
  4727 | D:5      | Reached skill level 5 in Fire Magic
  4727 | D:5      | Reached skill level 5 in Ice Magic
  4727 | D:5      | Reached skill level 5 in Air Magic
  4727 | D:5      | Reached skill level 5 in Earth Magic
  4727 | D:5      | Reached skill level 5 in Poison Magic
  5060 | D:6      | Reached **** piety under Sif Muna
  5093 | D:6      | Found a glowing drain.
  5109 | Sewer    | Entered a sewer
  5415 | D:6      | Reached XP level 10. HP: 83/83 MP: 18/20
  5460 | D:6      | Found a glowing golden altar of the Shining One.
  5479 | D:6      | Reached ***** piety under Sif Muna
  5568 | D:6      | Noticed Pikel
  5604 | D:6      | Killed Pikel
  6089 | D:7      | Noticed Joseph
  6112 | D:6      | Received a gift from Sif Muna
  6113 | D:6      | Got Sif Muna's Compendium of Beguiling {god gift}
  6117 | D:6      | Learned a level 2 spell: Blink
  6332 | D:7      | Killed Joseph
  6333 | D:7      | Reached XP level 11. HP: 70/89 MP: 17/21
  6419 | D:7      | Found Resitagokao's Retail Resort.
  6587 | D:7      | Found an ornate altar of the Wu Jian Council.
  7695 | D:8      | Noticed a two-headed ogre
  7720 | D:8      | Killed a two-headed ogre
  7916 | D:8      | Found Tarrag's Jewellery Shoppe.
  7961 | D:8      | Found a staircase to the Lair.
  7977 | D:8      | Paralysed by a hornet for 3 turns
  9208 | D:9      | Noticed a rakshasa
  9261 | D:9      | Killed a rakshasa
  9262 | D:9      | Reached skill level 10 in Fighting
  9262 | D:9      | Reached skill level 10 in Axes
  9262 | D:9      | Reached skill level 10 in Dodging
  9491 | D:9      | Noticed a centaur warrior
  9517 | D:9      | Killed a centaur warrior
 10395 | D:10     | Entered Level 10 of the Dungeon
 10441 | D:10     | Reached XP level 12. HP: 94/97 MP: 23/23
 10899 | D:10     | Noticed a two-headed ogre
 10918 | D:10     | Killed a two-headed ogre
 11255 | D:10     | Identified the +1 long sword of Causality {vorpal, rC+
                  | Will+ Dex+3}
 11261 | D:10     | Learned a level 3 spell: Teleport Other
 13737 | D:11     | Got the Tome of Stones and Snow
 13981 | D:8      | Bought the ring of Jipnipt {+Blink rPois rN+ Str+2} for 466
                  | gold pieces
 13996 | Lair:1   | Entered Level 1 of the Lair of Beasts
 14459 | Lair:1   | Noticed a seven-headed hydra
 14486 | Lair:1   | Killed a seven-headed hydra
 14910 | Lair:1   | Noticed a four-headed hydra
 14930 | Lair:1   | Killed a four-headed hydra
 14962 | Lair:1   | Reached XP level 13. HP: 72/104 MP: 20/25
 15517 | Lair:1   | Learned a level 4 spell: Cause Fear
 15701 | Lair:2   | Learned a level 7 spell: Storm Form
 15743 | Lair:2   | Learned a level 6 spell: Statue Form
 17080 | Lair:3   | Identified the +5 chain mail of Marbles {Harm +Blink Int+4
                  | Dex-5}
 17134 | Lair:3   | Found a frozen archway.
 17160 | IceCv    | Entered an ice cave
 17176 | IceCv    | Received a gift from Sif Muna
 17242 | IceCv    | Got Sif Muna's Compendium of Confrontation {god gift}
 18142 | Lair:3   | Identified the +5 leather armour "Tuprips" {Fly rC- Regen+}
 18596 | Lair:3   | Found a staircase to the Swamp.
 18796 | Swamp:1  | Entered Level 1 of the Swamp
 18796 | Swamp:1  | Noticed a bunyip
 18824 | Lair:3   | Killed a bunyip
 19522 | Swamp:1  | Identified the +2 ring mail of Agoraphobia {rElec Str+3
                  | Slay+4 Stlth-}
 19583 | Lair:3   | Reached skill level 10 in Stealth
 20541 | Lair:4   | Reached XP level 14. HP: 111/113 MP: 27/27
 20582 | Lair:4   | Found a hole to the Spider Nest.
 20628 | Lair:4   | Reached skill level 10 in Invocations
 23914 | Lair:6   | Entered Level 6 of the Lair of Beasts
 24747 | Lair:5   | Found a staircase to the Slime Pits.
 24747 | Lair:5   | Found a viscous altar of Jiyva.
 25599 | Lair:6   | Received a gift from Sif Muna
 25613 | Lair:6   | Got Sif Muna's Papyrus of Cloudy Conjuration {god gift}
 26145 | Lair:6   | Reached XP level 15. HP: 120/120 MP: 28/28
 26437 | Lair:5   | Reached skill level 10 in Short Blades
 26437 | Lair:5   | Reached skill level 10 in Long Blades
 26437 | Lair:5   | Reached skill level 10 in Maces & Flails
 26437 | Lair:5   | Reached skill level 10 in Polearms
 26437 | Lair:5   | Reached skill level 10 in Staves
 26437 | Lair:5   | Reached skill level 10 in Slings
 26437 | Lair:5   | Reached skill level 10 in Bows
 26437 | Lair:5   | Reached skill level 10 in Crossbows
 26437 | Lair:5   | Reached skill level 10 in Throwing
 26437 | Lair:5   | Reached skill level 10 in Armour
 26437 | Lair:5   | Reached skill level 10 in Shields
 26437 | Lair:5   | Reached skill level 10 in Unarmed Combat
 26437 | Lair:5   | Reached skill level 10 in Spellcasting
 26437 | Lair:5   | Reached skill level 10 in Evocations
 26715 | Lair:6   | Identified the +0 helmet of the Raven {+Inv}
 26727 | Lair:6   | Identified the +7 scimitar "Killer Bee's Regret" {vorpal,
                  | rPois Str+4}
 26769 | Lair:6   | Identified the amulet of Lucsuugg {Acrobat rPois rC+ Int-5}
 26864 | Lair:6   | Found a runed translucent door.
 26868 | Lair:6   | Identified the +9 spear of Boygyxeb {vorpal, rElec Str+5
                  | Int+2}
 26870 | Lair:6   | Noticed pkoi's ghost (journeyman DrMo)
 26914 | Lair:6   | Killed pkoi's ghost
 28520 | D:11     | Found a staircase to the Orcish Mines.
 28532 | D:11     | Received a gift from Sif Muna
 29006 | Orc:1    | Entered Level 1 of the Orcish Mines
 29413 | Orc:1    | Noticed Fannar
 29455 | Orc:1    | Killed Fannar
 30311 | Orc:2    | Entered Level 2 of the Orcish Mines
 30454 | Orc:2    | Noticed an orc warlord
 30473 | Orc:1    | Learned a level 5 spell: Freezing Cloud
 30773 | Orc:1    | Killed an orc warlord
 30910 | Orc:1    | Received a gift from Sif Muna
 31424 | Orc:2    | Found a radiant altar of Vehumet.
 31477 | Orc:2    | Found a staircase to the Elven Halls.
 31519 | Orc:2    | Found Nieskiut's Antique Armour Shop.
 32104 | Orc:2    | Paralysed by an orc sorcerer for 6 turns
 32338 | Orc:2    | Found Iqenef's Jewellery Emporium.
 32348 | Orc:2    | Bought the ring of the Sybil {Ice Str+5 Int+9} for 1043
                  | gold pieces
 32381 | Orc:2    | Reached XP level 16. HP: 117/117 MP: 30/30
 32409 | Orc:2    | Found Ajaorphu's General Store.
 32476 | Orc:2    | Found Vekkud's Antique Weapon Shop.
 33379 | Orc:2    | Bought a ring of see invisible for 255 gold pieces
 34833 | D:13     | HP: 5/121 [tengu warrior/bolt[a tengu warrior] (13)]
 34834 | D:13     | Demolished by a phantasmal warrior

Illustrated notes

Levels and vault maps discovered:
D:1:      nicolae_arrival_memento_mori, layout_rooms,
          chequers_serial_rivers_micro_c
D:2:      layout_loops_corners, hellmonk_ecumenical_altar_leap_of_faith,
          serial_bayou_pond_e, grunt_ministairs_2, minmay_tetromino_s4,
          uniq_jessica, uniq_natasha
D:3:      layout_rooms, serial_glass, glass_columns_c, glass_columns_b,
          glass_columns_a, glass_columns_a, glass_columns_c, glass_columns_c,
          due_unseen_surprise
D:4:      layout_basic, chequers_serial_rivers_large_b, uniq_robin, uniq_grinder
D:5:      layout_loops_ring, minmay_temple_entry_glass, serial_shops,
          shop_fountains, minmay_divided_ellipse
D:6:      layout_rooms, nicolae_tso_besieged_by_evil, portal_sewer_entry_f,
          uniq_pikel
D:7:      layout_cave_pods, nrook_pool_corridor, nicolae_alphabet_shops,
          minmay_ruined_shrine, uniq_joseph
D:8:      layout_basic, lair_entry_dummy, serial_shops, nicolae_shop_crystal
D:9:      minmay_cornered_nines, layout_stronghold, kennysheep_path_1
D:10:     layout_cave_pods, chequers_serial_rivers_room_a
D:11:     layout_basic, david_orc_5
D:12:     layout_irregular_city
D:13:     layout_loops_ring, minmay_fractal_squares_5
Lair:1:   layout_long_grid
Lair:2:   layout_cave_pods, worms_lemuel
Lair:3:   layout_gridlike, swamp_mist, portal_ice_cave_entry_ice_simulacra
Lair:4:   layout_small_grid, dummy_spider_entry, grunt_megastairs_3
Lair:5:   layout_roguey, slime_altar_1, st_stairs_10
Lair:6:   minmay_lair_end_frog_pond, layout_regular_city,
          ebering_ghost_funeral_grove
Swamp:1:  layout_basic_swamp, nicolae_swamp_trees_clearing, uniq_roxanne
Orc:1:    layout_caves, enter_volcano_3, nooodl_orcs_dogs, uniq_fannar
Orc:2:    grunt_orc_gardens, layout_caves, grunt_orc_garden, grunt_orc_garden,
          grunt_orc_garden, grunt_orc_garden, basic_altar

Skill      XL: |  1  2  3  4  5  6  7  8  9 10 11 12 13 14 15 |
---------------+----------------------------------------------+-----
Short Blades   | 1 4 5 6 7 8 9 10 | 10.8
Long Blades    | 1 4 5 6 7 8 9 10 | 10.8
Maces & Flails | 1 4 5 6 7 8 9 10 | 10.8
Polearms       | 1 4 5 6 7 8 9 10 | 10.8
Staves         | 1 4 5 6 7 8 9 10 | 10.8
Slings         | 1 4 5 6 7 8 9 10 | 10.8
Bows           | 1 4 5 6 7 8 9 10 | 10.8
Crossbows      | 1 4 5 6 7 8 9 10 | 10.8
Throwing       | 1 4 5 6 7 8 9 10 | 10.8
Armour         | 1 4 5 6 7 8 9 10 | 10.8
Shields        | 1 4 5 6 7 8 9 10 | 10.8
Unarmed Combat | 1 4 5 6 7 8 9 10 | 10.8
Spellcasting   | 1 4 5 6 7 8 9 10 | 10.8
Invocations    | 1 5 6 7 8 9 10 11 | 11.7
Evocations     | 1 4 5 6 7 8 9 10 | 10.8
Conjurations   | 1 3 4 5 6 7 8 9 |  9.2
Hexes          | 1 3 4 5 6 7 8 9 |  9.2
Summonings     | 1 3 4 5 6 7 8 9 |  9.2
Necromancy     | 1 3 4 5 6 7 8 9 |  9.2
Translocations | 1 3 4 5 6 7 8 9 |  9.2
Transmutations | 1 3 4 5 6 7 8 9 |  9.2
Fire Magic     | 1 3 4 5 6 7 8 9 |  9.2
Ice Magic      | 1 3 4 5 6 7 8 9 |  9.2
Air Magic      | 1 3 4 5 6 7 8 9 |  9.2
Earth Magic    | 1 3 4 5 6 7 8 9 |  9.2
Poison Magic   | 1 3 4 5 6 7 8 9 |  9.2
Fighting       | 8 9 10 11 12 | 12.4
Axes           | 8 9 10 11 12 | 12.4
Dodging        | 8 9 10 11 12 | 12.4
Stealth        | 6 7 8 9 10 11 | 11.5

Action                   |  1- 3 |  4- 6 |  7- 9 | 10-12 | 13-15 | 16-18 || total
-------------------------+-------+-------+-------+-------+-------+-------++-------
Melee: Hand axe          |    59 |   216 |   206 |   620 |   656 |       ||  1757
       Bite              |     6 |    22 |    26 |   101 |   265 |    14 ||   434
       Punch             |       |     3 |     3 |    29 |     1 |       ||    36
       Battleaxe         |       |       |       |   223 |       |       ||   223
       Short sword       |       |       |       |    60 |   137 |       ||   197
       Long sword        |       |       |       |     5 |    75 |       ||    80
       Demon whip        |       |       |       |       |   855 |   168 ||  1023
       Flail             |       |       |       |       |    15 |       ||    15
       Spear             |       |       |       |       |    38 |       ||    38
       Scimitar          |       |       |       |       |    23 |       ||    23
 Fire: Hunting sling     |       |       |     3 |    21 |     3 |       ||    27
       Fustibalus        |       |       |       |       |     9 |       ||     9
Throw: Dart              |       |       |       |     1 |       |       ||     1
 Cast: Cause Fear        |       |       |       |       |     1 |       ||     1
       Freezing Cloud    |       |       |       |       |     3 |     1 ||     4
       Blink             |       |       |       |       |     1 |       ||     1
       Iron Shot         |       |       |       |       |     1 |       ||     1
       Polar Vortex      |       |       |       |       |       |     1 ||     1
Invok: Divine Exegesis   |       |       |       |       |     1 |     1 ||     2
Evoke: Wand              |       |       |     1 |       |    24 |     1 ||    26
       Condenser vane    |       |       |       |       |     1 |       ||     1
  Use: Scroll            |       |    11 |     5 |    14 |    15 |     2 ||    47
       Potion            |       |     2 |     4 |    15 |     2 |     1 ||    24
 Stab: Sleeping          |     9 |     1 |     8 |    13 |    10 |     1 ||    42
       Paralysed         |       |       |       |       |     9 |       ||     9
       Distracted        |       |       |       |       |     1 |       ||     1
Armor: Robe              |     7 |       |       |       |       |       ||     7
       Ring mail         |       |    88 |    76 |   497 |   719 |    40 ||  1420
Dodge: Dodged            |    29 |   115 |    97 |   600 |  1082 |   102 ||  2025
Block: Buckler           |       |       |       |       |   547 |    57 ||   604
       Rpst.: Long sword |       |       |       |     1 |    21 |       ||    22
       Scimitar          |       |       |       |       |     4 |       ||     4
